 Dungeon Crawl Stone Soup version 0.14-a0-3278-gb24e923 (webtiles) character file.

83 4tharraofdagon the Firebug (level 3, -3/26 HPs)
             Began as a Draconian Fire Elementalist on Mar 13, 2014.
             Was an Initiate of Cheibriados.
             Slain by an ufetubus (4 damage)
             ... on Level 5 of the Dungeon.
             The game lasted 00:04:14 (537 turns).

4tharraofdagon the Firebug (DrFE)                    Turns: 537, Time: 00:04:14

HP  -3/26        AC  5     Str 11      XL: 3   Next: 80%
MP   4/6         EV 12     Int 17      God: Cheibriados [......]
Gold 23          SH  0     Dex 12      Spells:  2 memorised,  2 levels left

rFire  . . .     SeeInvis .     a - -3,-2 whip (curse)
rCold  . . .     Clarity  .     (armour unavailable)
rNeg   . . .     Conserve .     (no shield)
rPois  .         rCorr    .     (helmet restricted)
rElec  .         rRot     .     (no cloak)
SustAb . .       Spirit   .     (no gloves)
rMut   .         Warding  .     (no boots)
Saprov . . .     Stasis   .     (no amulet)
MR     .....                    (no ring)
                                (no ring)

@: very slow, not resistant to hostile enchantments, unstealthy
A: unfitting armour, AC +5
a: Bend Time, Renounce Religion


You were on level 5 of the Dungeon.
You worshipped Cheibriados.
Cheibriados was noncommittal.
You were not hungry.

You visited 1 branch of the dungeon, and saw 5 of its levels.

You collected 23 gold pieces.

Inventory:

Hand weapons
 a - a cursed -3,-2 whip (weapon)
 e - a +0,+0 trident
 k - the +2,+0 sling "Clulot" {frost, Str+4, unknown}
   (You found it on level 4 of the Dungeon)

   It turns projectiles fired from it into bolts of frost.
   It affects your strength (+4).
Magical devices
 h - a wand of magic darts (0)
 i - a wand of polymorph (2)
Comestibles
 c - a bread ration
 d - a meat ration
 g - a sausage
Scrolls
 f - a scroll of amnesia
Potions
 j - a potion of restore abilities {unknown}
Books
 b - a book of Flames

   Spells                             Type                      Level
   *Flame Tongue                      Conjuration/Fire             1
   Throw Flame                        Conjuration/Fire             2
   *Conjure Flame                     Conjuration/Fire             3
   Inner Flame                        Hexes/Fire                   3
   Sticky Flame                       Conjuration/Fire             4
   Fireball                           Conjuration/Fire             5


   Skills:
 - Level 1.7 Dodging
 - Level 1.7 Stealth
 + Level 2.4 Spellcasting
 * Level 2.2 Conjurations
 * Level 3.9 Fire Magic


You had 2 spell levels left.
You knew the following spells:

 Your Spells              Type           Power        Failure   Level  Hunger
a - Flame Tongue          Conj/Fire      ##...        6%          1    #......
b - Conjure Flame         Conj/Fire      ##......     17%         3    ###....


Dungeon Overview and Level Annotations

Branches:
Dungeon (5/15)
 Temple: D:4-7

Altars:
Ashenzari
Cheibriados
Vehumet


Message History

Casting: Flame Tongue
Confirm with . or Enter, or press ? or * to list all spells.
You can't see any susceptible monsters within range! (Use Z to cast anyway.) Evoke which item? (* to show all) (? for menu, Esc to quit)
Zapping:
i - a wand of polymorph {zapped: 3}
Press: ? - help, Shift-Dir - straight line, f/p - iron imp
Aim: an iron imp The iron imp evaporates and reforms as an ufetubus!
The ufetubus hits you but does no damage.
The ufetubus hits you.
* * * LOW HITPOINT WARNING * * *
Casting: Flame Tongue
Confirm with . or Enter, or press ? or * to list all spells.
Aiming: Flame Tongue
Press: ? - help, Shift-Dir - straight line, f/p - ufetubus
Aim: an ufetubus The flame hits the ufetubus.
The ufetubus is burned terribly!
The ufetubus is moderately wounded.
The ufetubus hits you.
You die...

#..# #...#
#..###...#
#..##...##
#..##...#
#..#..5##
#..#...#
#..#...## #
#%......#.#
#<.....@5.#
#.......###
#########


You could see a crimson imp and an ufetubus.

Vanquished Creatures
  A worker ant (D:4)
  An adder (D:3)
  A giant gecko (D:2)
  2 oozes
  An orc (D:3)
  2 bats (D:1)
  2 goblins (D:3)
  4 hobgoblins
  2 kobolds
  A quokka (D:4)
  2 rats
19 creatures vanquished.

Notes
Turn   | Place    | Note
--------------------------------------------------------------
     0 | D:1      | 4tharraofdagon, the Draconian Fire Elementalist, began the quest for the Orb.
     0 | D:1      | Reached XP level 1. HP: 14/14 MP: 3/3
     3 | D:1      | Noticed a giant goldfish
     4 | D:1      | Noticed a shark
   107 | D:3      | Reached XP level 2. HP: 17/20 MP: 1/4
   214 | D:3      | Found a snail-covered altar of Cheibriados.
   260 | D:3      | Became a worshipper of Cheibriados the Contemplative
   372 | D:4      | Reached XP level 3. HP: 19/26 MP: 3/6
   377 | D:4      | Learned a level 3 spell: Conjure Flame
   395 | D:4      | Found a radiant altar of Vehumet.
   400 | D:4      | HP: 1/26 [hobgoblin/wand of magic darts (6)]
   422 | D:4      | Got a crude sling
   429 | D:4      | Found a shattered altar of Ashenzari.
   453 | D:4      | HP: 1/39 [worker ant (2)]
   495 | D:5      | Entered Level 5 of the Dungeon
   536 | D:5      | HP: 1/26 [ufetubus (4)]
   537 | D:5      | Slain by an ufetubus

Action                   || total
-------------------------++-------
Melee: Whip              ||    32
 Cast: Flame Tongue      ||    24
       Conjure Flame     ||     1
Evoke: Wand              ||    15
  Use: Potion            ||     2
       Scroll            ||     1
